 Dungeon Crawl Stone Soup version 0.20.0-8-g6b59dc7 (webtiles) character file.

198 MDvedh the Cudgeler (level 5, -1/30 HPs)
             Began as a Gargoyle Summoner on June 2, 2017.
             Slain by Crazy Yiuf
             ... wielding a +3 quarterstaff of chaos
              (7 damage)
             ... on level 2 of the Dungeon.
             The game lasted 00:04:44 (3013 turns).

MDvedh the Cudgeler (Gargoyle Summoner)             Turns: 3013, Time: 00:04:44

Health: -1/30      AC: 10    Str: 12    XL:     5   Next: 77%
Magic:  8/8        EV:  9    Int: 16    God:
Gold:   93         SH:  5    Dex: 10    Spells: 7/8 levels left

rFire    . . .     SeeInvis .   i - +0 mace
rCold    . . .     Gourm    .   k - +2 buckler {reflect}
rNeg     + . .     Faith    .   l - +0 ring mail
rPois    ∞         Spirit   .   (no helmet)
rElec    +         Reflect  +   (no cloak)
rCorr    .         Harm     .   (no gloves)
MR       .....                  f - +0 pair of boots
Stlth    +.........             (no amulet)
Regen    0.1/turn               (no ring)
MPRegen  0.2/turn               (no ring)

@: no status effects
A: negative energy resistance 1, electricity resistance, unbreathing,
petrification resistance, rot immunity, AC +4
a: no special abilities


You were on level 2 of the Dungeon.
You were not hungry.

You visited 1 branch of the dungeon, and saw 2 of its levels.

You collected 93 gold pieces.

Inventory:

Hand Weapons
 i - a +0 mace (weapon)
Missiles
 e - a throwing net (quivered)
Armour
 f - a +0 pair of boots (worn)
 k - a +2 buckler of reflection (worn)
 l - a +0 ring mail (worn)
 q - a +0 plate armour
Jewellery
 d - an uncursed amulet of regeneration {unknown}
Potions
 g - a potion of resistance {unknown}
 h - a potion of curing
 m - a potion of heal wounds {unknown}
 n - a potion of mutation {unknown}
 o - a potion of agility
 r - a potion of ambrosia {unknown}
 u - a potion of brilliance {unknown}
Books
 b - a book of Callings

   Spells                             Type                      Level
   a - Summon Small Mammal            Summoning                    1
   b - Call Imp                       Summoning                    2
   c - Call Canine Familiar           Summoning                    3
   d - Summon Guardian Golem          Hexes/Summoning              3
   e - Summon Lightning Spire         Summoning/Air                4
   f - Summon Ice Beast               Ice/Summoning                4
Comestibles
 a - a royal jelly
 c - a bread ration
 j - a meat ration


   Skills:
 - Level 2.1 Fighting
 * Level 4.0 Maces & Flails
 - Level 2.4 Armour
 - Level 1.5 Dodging
 - Level 2.1 Stealth
 - Level 2.0 Spellcasting
 - Level 3.6 Summonings


You had 7 spell levels left.
You knew the following spells:

 Your Spells              Type           Power        Failure   Level  Hunger
a - Summon Small Mammal   Summ           ##..         17%         1    #......


Dungeon Overview and Level Annotations

Branches:
Dungeon (2/15)

Altars:

Annotations:
D:2 Crazy Yiuf


Innate Abilities, Weirdness & Mutations

You are resistant to torment.
Your stone body is resilient. (AC +4)
You are immune to poison.
You resist negative energy. (rN+)
You are resistant to electric shocks. (rElec)
You can survive without breathing.
You are immune to petrification.
You are immune to rotting.


Message History

You hit Crazy Yiuf.
Crazy Yiuf is moderately wounded.
Crazy Yiuf hits you with a quarterstaff of chaos.
Crazy Yiuf burns you.
You hit Crazy Yiuf but do no damage.
Crazy Yiuf is moderately wounded.
You block Crazy Yiuf's attack.
You hit Crazy Yiuf but do no damage.
Crazy Yiuf is moderately wounded.
Crazy Yiuf closely misses you.
You hit Crazy Yiuf.
Crazy Yiuf is heavily wounded.
Crazy Yiuf hits you with a quarterstaff of chaos!
Crazy Yiuf freezes you.
You closely miss Crazy Yiuf.
Crazy Yiuf is heavily wounded.
Crazy Yiuf hits you with a quarterstaff of chaos!
* * * LOW HITPOINT WARNING * * *
Crazy Yiuf hits you with a quarterstaff of chaos!
You die...

##.# ##.# #....#
...# #.# #....#
###### #.# #...##
.....# #.# ##.##
####.####.# #.##
...#......# ##.#
##.#.#.#### #.##
##.#.#.# ##.#
.....>.# #@#
.#.#...# #.g.#
.#.#..<##### #...#
...#..##...# #..)#
.###..##.### #####
...)..#....#
##.##.#[.#.### ###
#.##.#......# #.#
#....#.##########.#


You could see Crazy Yiuf.

Vanquished Creatures
  Jessica (D:2)
  Natasha (thrice) (D:2)
  4 adders (D:2)
  A dart slug (D:1)
  A leopard gecko (D:2)
  3 bats (D:2)
  A giant cockroach (D:2)
  8 goblins
  A hobgoblin (D:2)
  A jackal (D:1)
  5 quokkas (D:2)
  4 frilled lizards
  6 kobolds
  6 rats
45 creatures vanquished.

Vanquished Creatures (collateral kills)
  An adder (D:2)
  2 ball pythons (D:1)
  3 bats
  A giant cockroach (D:1)
  A goblin (D:1)
  2 hobgoblins (D:1)
  3 jackals (D:1)
13 creatures vanquished.

Grand Total: 58 creatures vanquished

Notes
Turn   | Place    | Note
-------+----------+-------------------------------------------
     0 | D:1      | MDvedh the Gargoyle Summoner began the quest for the Orb.
     0 | D:1      | Reached XP level 1. HP: 10/10 MP: 3/3
   356 | D:1      | Reached skill level 1 in Fighting
   365 | D:1      | Reached skill level 1 in Armour
   365 | D:1      | Reached XP level 2. HP: 14/16 MP: 3/5
   831 | D:1      | Reached XP level 3. HP: 16/21 MP: 3/6
  1145 | D:2      | Reached skill level 1 in Maces & Flails
  1610 | D:2      | Reached XP level 4. HP: 26/26 MP: 7/7
  2097 | D:2      | Noticed Natasha
  2104 | D:2      | Killed Natasha
  2104 | D:2      | Reached skill level 2 in Maces & Flails
  2196 | D:2      | Noticed Natasha
  2203 | D:2      | Killed Natasha
  2203 | D:2      | Reached skill level 3 in Maces & Flails
  2203 | D:2      | Reached XP level 5. HP: 30/30 MP: 8/8
  2275 | D:2      | Noticed Natasha
  2300 | D:2      | Killed Natasha
  2739 | D:2      | Noticed Jessica
  2751 | D:2      | Killed Jessica
  2751 | D:2      | Reached skill level 4 in Maces & Flails
  2765 | D:2      | Found a runed door.
  3007 | D:2      | Noticed Crazy Yiuf
  3013 | D:2      | Slain by Crazy Yiuf

Skill      XL: |  1  2  3  4  5 |
---------------+----------------+-----
Fighting       | 1 2 |  2.1
Armour         | 1 2 |  2.4
Maces & Flails | 1 3 4 |  4.0
Dodging        | |  1.5
Stealth        | |  2.1
Spellcasting   | |  2.0
Summonings     | |  3.6

Action                   |  1- 3 |  4- 6 || total
-------------------------+-------+-------++-------
Melee: Unarmed           |    30 |       ||    30
       Club              |    53 |       ||    53
       Mace              |    45 |   122 ||   167
Throw: Throwing net      |     1 |       ||     1
 Cast: Summon Small Mamm |    14 |       ||    14
  Use: Scroll            |       |     3 ||     3
       Potion            |       |     1 ||     1
 Stab: Sleeping          |     4 |       ||     4
  Eat: Chunk             |     3 |     4 ||     7
Armor: Robe              |    55 |       ||    55
       Ring mail         |    12 |    57 ||    69
Dodge: Dodged            |   109 |    61 ||   170
Block: Buckler           |     5 |    29 ||    34
